 Dungeon Crawl Stone Soup version 0.31-a0-833-gc15d34cb79 (webtiles) character file.

Game seed: 18030704067549059749

5433 javelincjr the Trooper (level 10, 0/80 HPs)
             Began as a Demonspawn Shapeshifter on Sept 25, 2023.
             Was a Believer of Makhleb.
             Slain by a wolf (6 damage)
             ... on level 8 of the Dungeon.
             The game lasted 00:28:49 (7425 turns).

javelincjr the Trooper (Demonspawn Shapeshifter)    Turns: 7425, Time: 00:28:49

Health: 0/80       AC:  7    Str: 19    XL:     10   Next: 41%
Magic:  0/10       EV: 16    Int: 11    God:    Makhleb [**....]
Gold:   512        SH:  0    Dex: 19    Spells: 9/9 levels left

rFire   + . .        T - +4 whip "Porat" {drain, Str+2 Dex+4}
rCold   + + .        (no shield)
rNeg    . . .        m - +1 robe {rC+}
rPois   .            (helmet currently unavailable)
rElec   .            (cloak currently unavailable)
rCorr   .            (gloves currently unavailable)
SInv    .            (boots currently unavailable)
Will    .....        F - amulet "Tes Gye" {RegenMP rF+ rC+}
Stlth   ++           f - +4 ring of protection
HPRegen 0.33/turn    (no ring)
MPRegen 0.64/turn

%: guardian spirit
@: beast-form
A: beast (slay +4), hooves 1, horns 2, powered by pain 1, magic shield, magic
regeneration, weakness stinger 2
a: Begin Untransformation, Renounce Religion, Minor Destruction


You were on level 8 of the Dungeon.
You worshipped Makhleb.
Makhleb was pleased with you.
You were a hulking beast.
You visited 3 branches of the dungeon, and saw 10 of its levels.
You also visited: Sewer and Ossuary.

You collected 596 gold pieces.
You spent 84 gold pieces at shops.

Inventory:

Hand Weapons
 v - a +2 short sword of electrocution
 I - a +0 mace of protection
 J - a +1 short sword of protection
 K - a +2 vampiric spear
 O - a +4 quarterstaff of chaos
 T - the +4 whip "Porat" (weapon) {drain, Str+2 Dex+4}
   (You found it on level 8 of the Dungeon)

   Str+2:     It affects your strength (+2).
   Dex+4:     It affects your dexterity (+4).
Missiles
 E - 13 boomerangs (quivered)
 H - 19 poisoned darts
Armour
 a - a +0 animal skin
 m - a +1 robe of cold resistance (worn)
 n - a +0 buckler
 s - a +0 pair of boots
 u - a +1 cloak
 L - a +0 plate armour
 M - a +0 scale mail
 P - a +1 cloak
 S - a +1 hat
Jewellery
 f - a +4 ring of protection (left hand)
 F - the amulet "Tes Gye" (around neck) {RegenMP rF+ rC+}
   (You found it on level 6 of the Dungeon)

   [amulet of magic regeneration]

   RegenMP:   It increases your rate of magic regeneration.
   rF+:       It protects you from fire.
   rC+:       It protects you from cold.
Talismans
 c - a beast talisman (active)
 d - a flux talisman
Scrolls
 e - a scroll of teleportation
 j - 2 scrolls of enchant weapon
 k - 3 scrolls of blinking
 p - 2 scrolls of fear
 q - 3 scrolls of noise
 t - 2 scrolls of poison {unknown}
 x - a scroll of enchant armour {unknown}
 y - 2 scrolls of butterflies {unknown}
 A - a scroll of acquirement {unknown}
 G - a scroll of revelation {unknown}
 N - 2 scrolls of immolation {unknown}
 Q - a scroll of amnesia
Potions
 b - 5 potions of lignification
 g - 2 potions of enlightenment
 h - a potion of heal wounds
 i - 2 potions of haste {unknown}
 l - 2 potions of degeneration {unknown}
 o - 2 potions of curing
 r - 2 potions of invisibility {unknown}
 w - 3 potions of might {unknown}
 z - 4 potions of attraction
 B - 2 potions of mutation {unknown}
 C - 2 potions of brilliance {unknown}
 D - a potion of resistance {unknown}
 R - a potion of cancellation {unknown}


   Skills:
 + Level 7.8 Fighting
 + Level 7.3 Dodging
 + Level 7.7 Unarmed Combat
 + Level 7.1 Shapeshifting


You had 9 spell levels left.
You didn't know any spells.
Your spell library contained the following spells:

 Spells                   Type           Power      Damage    Failure   Level
 Freeze                   Ice            0%         1d3       34%         1
 Slow                     Hex            0%         N/A       34%         1
 Static Discharge         Conj/Air       0%         2-2/arc   47%         2
 Confusing Touch          Hex            0%         N/A       71%         3
 Frozen Ramparts          Ice            0%         1d1       71%         3
 Hailstorm                Conj/Ice       0%         3d3       71%         3
 Sigil of Binding         Hex            0%         N/A       71%         3
 Vampiric Draining        Necr           0%         2d6       71%         3
 Airstrike                Air            0%         2d(0-16)  98%         4
 Summon Lightning Spire   Summ/Air       0%         N/A       98%         4
 Alistair's Intoxication  Tmut/Pois      0%         N/A       100%        5
 Borgnjor's Vile Clutch   Necr/Erth      0%         N/A       100%        5
 Eringya's Noxious Bog    Tmut/Pois      0%         4d6       100%        6


Dungeon Overview and Level Annotations

Branches:
Dungeon (8/15)             Temple (1/1) D:6            Lair (1/5) D:8
  Sewer (visited)         Ossuary (visited)

Altars:
Ashenzari
Dithmenos
Fedhas
Gozag
Hepliaklqana
Makhleb
Nemelex Xobeh
Okawaru
Ru
Sif Muna
Trog
Uskayaw
Vehumet
Wu Jian
Xom
Yredelemnul

Shops:
D:3 *?[(*   D:7 ?

Annotations:
D:8 6 runed translucent doors


Innate Abilities, Weirdness & Mutations

You are a hulking beast.
Your limbs bulge with bestial killing power. (Slay +4)
You have large cloven feet.
You have a pair of horns on your head.
You sometimes gain a little power by taking damage.
When hurt, damage is shared between your health and your magic reserves.
You regenerate magic rapidly.
You have a tail ending in a sharp stinger.


Message History

You closely miss the wolf. Your kick misses the wolf.
Your headbutt misses the wolf.
The wolf is lightly wounded.
You feel very sick.
A nearby fungus withers and dies. x2; The wolf bites you.
* * * LOW HITPOINT WARNING * * *
The wolf closely misses you. The wolf barely misses you.
You feel sick.
The wolf bites the fungus!
The fungus begins to die.
You feel better. The wolf misses you. The wolf bites you but does no damage.
The wolf bites the fungus!
You closely miss the wolf. You kick the wolf.
The wolf is almost dead.
The wolf bites you.
* * * LOW HITPOINT WARNING * * *
The wolf barely misses you.
The wolf bites the fungus!
The wolf bites you!
* * * LOW HITPOINT WARNING * * *
The wolf bites you.
* * * LOW HITPOINT WARNING * * *
The wolf bites the fungus!
The fungus begins to die.
You feel much better. The wolf barely misses you. The wolf closely misses you.
The wolf bites the fungus.
The wolf bites you. The wolf closely misses you.
The wolf bites the fungus.
You whack the wolf! You drain the wolf. You headbutt the wolf.
You kill the wolf!
Makhleb accepts your kill.
A nearby fungus withers and dies.
The wolf barely misses you. The wolf bites you!
* * * LOW HITPOINT WARNING * * *
You whack the wolf!
You kill the wolf!
Makhleb accepts your kill.
A nearby fungus withers and dies.
The wolf bites you!
* * * LOW HITPOINT WARNING * * *
The wolf closely misses you.
You closely miss the wolf. You headbutt the wolf!
The wolf is moderately wounded.
The wolf bites you!
* * * LOW HITPOINT WARNING * * *
The wolf bites you!
You die...

###....######..>.### #....##
#.......#..#.......####....#.
##............###...##.......
##...........##....##.......
#####.##...................
###....#######..........(..
####.....#...≈...#...|......##
#..#.......#...#.............#
#....#....##†hP##............#
##...#..#..P..hP..#.......##..
###.#<.#≈...>.P.≈#.......#...
#####....#......P..#.......##..
#..#.......##...##..........#.#
#...........#...#.............#
#....##...#...≈...#..........##
##..###....#######.....).....##
####.#...#.).............#####


You could see a wolf.

Vanquished Creatures
  A black mamba (D:8)
  Sigmund (D:5)
  A wraith (D:8)
  A wyvern (D:7)
  3 redbacks (D:8)
  Menkaure (D:5)
  3 water moccasins
  Duvessa (D:6)
  A black bear (D:6)
  2 orc warriors
  2 ice beasts
  Pargi (Sewer)
  A sky beast (D:7)
  An ogre (D:7)
  3 wolves (D:8)
  4 centaurs
  2 phantoms (D:6)
  3 kobold brigands (D:7)
  An elf zombie (Ossuary)
  A bullfrog (D:7)
  A gnoll sergeant (D:7)
  5 scorpions
  9 wights (D:8)
  Dowan (D:6)
  An electric eel (D:8)
  2 centaur zombies (Ossuary)
  4 hounds
  A jelly (D:7)
  3 human zombies (Ossuary)
  5 orc priests
  Crazy Yiuf (D:5)
  2 sleepcaps
  Jessica (D:2)
  2 iguanas (D:7)
  4 orc wizards
  3 hound zombies (Ossuary)
  4 mummies
  4 adders
  A river rat (D:3)
  3 white imps
  The ghost of randomguy2701 the Trooper, a weakling OgDe (D:5)
  2 adder zombies (Ossuary)
  2 worms (D:2)
  5 dart slugs
  27 orcs
  14 ball pythons
  6 endoplasms
  9 giant cockroaches
  4 gnoll zombies (Ossuary)
  6 goblins
  14 hobgoblins
  5 quokkas
  8 bats
  6 frilled lizards
  4 goblin zombies (Ossuary)
  2 hobgoblin zombies (Ossuary)
  4 jackal zombies (Ossuary)
  15 kobolds
  8 kobold zombies (Ossuary)
  An orc zombie (Ossuary)
  2 quokka zombies (Ossuary)
  5 rats
  2 rat zombies (Ossuary)
243 creatures vanquished.

Notes
Turn   | Place    | Note
-------+----------+-------------------------------------------
     0 | D:1      | javelincjr the Demonspawn Shapeshifter began the quest for
                  | the Orb.
     0 | D:1      | Reached XP level 1. HP: 15/15 MP: 1/1
   173 | D:1      | Discovered your monstrous ancestry.
   173 | D:1      | Gained mutation: You have a small tail. [demonic ancestry]
   173 | D:1      | Reached XP level 2. HP: 20/21 MP: 2/2
   340 | D:1      | Found a faded altar of an unknown god.
   462 | D:1      | Gained mutation: You have a tail ending in a sharp stinger.
                  | [demonic ancestry]
   462 | D:1      | Reached XP level 3. HP: 25/26 MP: 3/3
   747 | D:2      | Found a bloodstained altar of Trog.
  1116 | D:2      | Gained mutation: You regenerate magic rapidly. [demonic
                  | ancestry]
  1116 | D:2      | Reached XP level 4. HP: 32/33 MP: 4/4
  1131 | D:2      | Noticed Jessica
  1142 | D:2      | Killed Jessica
  1487 | D:3      | Found Hus Nait's Magic Scroll Shoppe.
  1505 | D:3      | Bought a scroll of fear for 48 gold pieces
  1510 | D:3      | Found a transporter.
  1518 | D:3      | Found Leocses's Antique Weapon Shop.
  1530 | D:3      | Found a transporter.
  1549 | D:3      | Found Xigrimi's General Store.
  1552 | D:3      | Bought a potion of curing for 36 gold pieces
  1557 | D:3      | Gained mutation: You have a pair of small horns on your
                  | head. [demonic ancestry]
  1557 | D:3      | Reached XP level 5. HP: 38/39 MP: 5/5
  1640 | D:3      | Found a glowing drain.
  1666 | Sewer    | Entered a sewer
  1706 | Sewer    | Noticed Pargi
  1718 | Sewer    | Killed Pargi
  1839 | D:3      | Found Jotibami's General Store.
  1962 | D:3      | Gained mutation: You have large cloven feet. [demonic
                  | ancestry]
  1962 | D:3      | Reached XP level 6. HP: 37/47 MP: 6/6
  2150 | D:3      | Found Loatanatz's Armour Shop.
  2711 | D:5      | Entered Level 5 of the Dungeon
  2727 | D:5      | Noticed Menkaure
  2740 | D:5      | Killed Menkaure
  2774 | D:5      | Gained mutation: You have a pair of horns on your head.
                  | [demonic ancestry]
  2774 | D:5      | Reached XP level 7. HP: 50/52 MP: 7/7
  2906 | D:5      | Found a runed translucent door.
  2907 | D:5      | Noticed Crazy Yiuf
  2935 | D:5      | Found a runed translucent gate.
  2935 | D:5      | Found a runed translucent gate.
  2935 | D:5      | Found a runed translucent gate.
  2941 | D:5      | Noticed randomguy2701's ghost (weakling OgDe)
  2955 | D:5      | Killed randomguy2701's ghost
  2997 | D:5      | Found a sand-covered staircase.
  3005 | Ossuary  | Entered an ossuary
  3513 | D:5      | Reached skill level 5 in Unarmed Combat
  3513 | D:5      | Gained mutation: When hurt, damage is shared between your
                  | health and your magic reserves. [demonic ancestry]
  3513 | D:5      | Reached XP level 8. HP: 59/61 MP: 8/8
  3611 | D:5      | Noticed Sigmund
  3906 | D:6      | Identified the amulet "Tes Gye" {RegenMP rF+ rC+}
  3926 | D:6      | Reached skill level 5 in Fighting
  3926 | D:6      | Reached skill level 5 in Shapeshifting
  4038 | D:6      | Noticed Dowan
  4039 | D:6      | Noticed Duvessa
  4052 | D:6      | Reached skill level 5 in Dodging
  4058 | D:6      | Killed Duvessa
  4060 | D:6      | Killed Dowan
  4338 | D:6      | Found a staircase to the Ecumenical Temple.
  4384 | Temple   | Entered the Ecumenical Temple
  4411 | Temple   | Became a worshipper of Makhleb the Destroyer
  5197 | D:7      | Reached XP level 9. HP: 58/69 MP: 6/9
  5443 | D:7      | Found Xopir's Magic Scroll Shop.
  5579 | D:7      | Reached * piety under Makhleb
  5612 | D:7      | Found a hazy altar of Hepliaklqana.
  6113 | D:5      | Killed Sigmund
  6178 | D:5      | Killed Crazy Yiuf
  6607 | D:8      | Gained mutation: You sometimes gain a little power by
                  | taking damage. [demonic ancestry]
  6607 | D:8      | Reached XP level 10. HP: 68/77 MP: 10/10
  6638 | D:8      | Found a staircase to the Lair.
  6687 | D:8      | Found a hide-covered altar of Uskayaw.
  6980 | D:8      | Found a runed translucent door.
  7005 | D:8      | Reached ** piety under Makhleb
  7014 | D:8      | Identified the +4 whip "Porat" {drain, Str+2 Dex+4}
  7018 | D:8      | Found a runed translucent gate.
  7018 | D:8      | Found a runed translucent gate.
  7018 | D:8      | Found a runed translucent gate.
  7018 | D:8      | Found a runed translucent gate.
  7018 | D:8      | Found a runed translucent gate.
  7018 | D:8      | Found a runed translucent gate.
  7018 | D:8      | Noticed a boulder beetle
  7018 | D:8      | Noticed a lindwurm
  7079 | D:8      | Noticed a boulder beetle
  7394 | Lair:1   | Entered Level 1 of the Lair of Beasts
  7397 | Lair:1   | Noticed a black mamba
  7416 | D:8      | Killed a black mamba
  7425 | D:8      | Slain by a wolf

Illustrated notes

Levels and vault maps discovered:
D:1:      spicycebolla_arrival_transporter_tutorial, layout_basic,
          basic_ecumenical_altar
D:2:      layout_basic, basic_altar, serial_rivers,
          chequers_serial_rivers_micro_d, chequers_serial_rivers_small_3,
          chequers_serial_rivers_large_a, chequers_serial_rivers_micro_c,
          uniq_jessica
D:3:      layout_loops_ring, serial_shops, nicolae_shop_tiny_real_fake_doors,
          shop, shop, shop, nicolae_shop_drivethru, portal_sewer_entry_b
D:4:      layout_basic
D:5:      layout_rooms, ebering_ghost_rock_garden, gup_ossuary_entry_pyramid,
          grunt_ministairs_2, sigmund_army, uniq_menkaure,
          uniq_crazy_yiuf_cottage
D:6:      layout_basic, minmay_temple_entry_overgrown, minmay_hedge_maze,
          uniq_duvessa
D:7:      layout_basic, serial_shops, shop, minmay_ruined_shrine
D:8:      gammafunk_indiana_jones, layout_cave_pools,
          mainiacjoe_overflow_boulevard, dpeg_oklobed_lair, water_maze_lemuel
Temple:   lightli_temple_of_artemis
Lair:1:   layout_big_grid, hangedman_lair_unloving_vines, lemuel_fruit_tree

Skill      XL: |  1  2  3  4  5  6  7  8  9 10 |
---------------+-------------------------------+-----
Dodging        | 2 3 4 5 6 7 |  7.3
Unarmed Combat | 3 4 5 6 7 |  7.7
Shapeshifting  | 3 4 5 6 7 |  7.1
Fighting       | 2 3 4 5 7 |  7.8

Action                     |  1- 3 |  4- 6 |  7- 9 | 10-12 || total
---------------------------+-------+-------+-------+-------++-------
  Melee: Unarmed           |   125 |   121 |   281 |       ||   527
         Tailslap          |    10 |    12 |    64 |    17 ||   103
         Punch             |     1 |     1 |     9 |     6 ||    17
         Headbutt          |       |    13 |    87 |    26 ||   126
         Kick              |       |    15 |   149 |    31 ||   195
         Short sword       |       |       |   107 |    55 ||   162
         Whip              |       |       |       |    31 ||    31
  Throw: Boomerang         |       |       |     8 |     4 ||    12
         Dart              |       |       |     2 |       ||     2
    Use: Potion            |       |     1 |       |     3 ||     4
         Scroll            |       |     2 |     4 |     3 ||     9
   Stab: Sleeping          |     2 |     2 |       |       ||     4
 Armour: Animal skin       |    54 |    67 |   119 |       ||   240
         Robe              |       |       |   138 |    80 ||   218
  Dodge: Dodged            |    65 |    84 |   295 |    93 ||   537

Table legend: (Time is in decaauts)
 A = Elapsed time spent in this place.
 B = Non-inter-level travel time spent in this place.
 C = Inter-level travel time spent in this place.
 D = Time resting spent in this place.
 E = Time spent auto-exploring this place.
 F = Levels seen in this place.
 G = Mean time per level.
                   A        B        C        D        E       F      G
               +--------+--------+--------+--------+--------+-----+--------+
         Total |   7432 |   7240 |    192 |    152 |   5405 |  12 |  619.3 |
       Dungeon |   6841 |   6659 |    182 |    152 |   5108 |   8 |  855.1 |
        Temple |     38 |     28 |     10 |      0 |      0 |   1 |   38.0 |
          Lair |     10 |     10 |      0 |      0 |      0 |   1 |   10.0 |
         Sewer |    100 |    100 |      0 |      0 |     25 |   1 |  100.0 |
       Ossuary |    440 |    440 |      0 |      0 |    272 |   1 |  440.0 |
               +--------+--------+--------+--------+--------+-----+--------+

Top non-repeatable levels by time:
     D:6: 1570 daAuts
     D:7: 1152 daAuts
     D:8: 887 daAuts
     D:2: 806 daAuts
     D:3: 710 daAuts
     D:1: 684 daAuts
     D:5: 616 daAuts
 Ossuary: 440 daAuts
     D:4: 413 daAuts
   Sewer: 100 daAuts
  Temple: 38 daAuts
  Lair:1: 10 daAuts
